 Dungeon Crawl Stone Soup version 0.31.0-32-g396128a36d (webtiles) character file.

Game seed: 15940187058359311819

82 diceflayer the Chopper (level 4, -6/35 HPs)
             Began as a Demonspawn Fighter on Apr 23, 2024.
             Mangled by a mummy (14 damage)
             ... in an ossuary.
             The game lasted 00:01:39 (2746 turns).

diceflayer the Chopper (Demonspawn Fighter)         Turns: 2746, Time: 00:01:39

Health: -6/35      AC:  7    Str: 18    XL:     4   Next: 21%
Magic:  13/13      EV:  9    Int:  8    God:
Gold:   99         SH:  4    Dex: 13    Spells: 3/3 levels left

rFire   . . .        a - +0 war axe
rCold   . . .        c - +0 buckler
rNeg    . . .        b - +0 scale mail
rPois   .            (no helmet)
rElec   .            (no cloak)
rCorr   .            o - +0 pair of gloves
SInv    .            (no boots)
Will    .....        (no amulet) Stlth
                     p - ring of magical power
HPRegen 0.25/turn    (no ring)
MPRegen 0.13/turn

%: no passive effects
@: mighty
A: powered by death 2, weakness stinger 1
a: no special abilities


You were in an ossuary.
You visited 1 branch of the dungeon, and saw 4 of its levels.
You also visited: Ossuary.

You collected 99 gold pieces.

Inventory:

Hand Weapons
 a - a +0 war axe (weapon)
 k - a +2 vampiric whip
Armour
 b - a +0 scale mail (worn)
 c - a +0 buckler (worn)
 o - a +0 pair of gloves (worn)
Jewellery
 p - a ring of magical power (left hand)
Scrolls
 e - 2 scrolls of vulnerability {unknown}
 f - a scroll of teleportation {unknown}
 l - 4 scrolls of revelation
 m - a scroll of noise
Potions
 g - a potion of haste {unknown}
 h - a potion of mutation
 j - 4 potions of brilliance
 n - a potion of lignification {unknown}


   Skills:
 - Level 3.0 Fighting
 + Level 4.1 Axes
 - Level 2.6 Armour
 - Level 2.6 Shields


You had 3 spell levels left.
You didn't know any spells.
Your spell library contained the following spells:

 Spells                   Type           Power      Damage    Failure   Level
 Magic Dart               Conj           0%         1d3       87%         1
 Blink                    Tloc           0%         N/A       95%         2
 Call Imp                 Summ           0%         N/A       95%         2
 Momentum Strike          Conj/Tloc      0%         3d8       95%         2
 Dazzling Flash           Conj/Hex       0%         N/A       99%         3
 Fire Storm               Conj/Fire      0%         5d1       100%        9


Dungeon Overview and Level Annotations

Branches:
Dungeon (4/15)            Ossuary (1/1)
 Temple: D:4-7

Altars:

Annotations:
D:3 1 runed translucent door, Crazy Yiuf


Innate Abilities, Weirdness & Mutations

You regenerate health from kills.
You have a small tail.


Message History

You barely miss the ribbon worm.
The ribbon worm is heavily wounded.
You slash the kobold!
You kill the kobold!
You barely miss the white imp.
The white imp hits you but does no damage.
The ribbon worm bites you. The white imp gestures at you.
The puff of frost hits you!
You barely miss the ribbon worm.
The ribbon worm is heavily wounded.
You hit the white imp. The white imp hits you. The white imp freezes you.
* * * LOW HITPOINT WARNING * * *
The ribbon worm expels a string of sticky webbing.
The stream of webbing hits you but does no damage.
You are caught in a web!
The white imp hits you but does no damage.
A goblin comes into view. It is wielding a +1 dagger of venom.
The ribbon worm bites you.
* * * LOW HITPOINT WARNING * * *
Found a purple potion.
The white imp attacks as it pursues you!
The white imp hits you but does no damage.
The white imp gestures at you. The puff of frost hits you.
* * * LOW HITPOINT WARNING * * *
The ribbon worm attacks as it pursues you!
The ribbon worm bites you but does no damage.
There is a sand-covered staircase here.
The world spins around you as you enter the gateway.
You enter an ossuary!
Found a gate leading back out of this place.
There is an empty arch of ancient stone here.
Unknown command.
You feel very mighty all of a sudden. You block the kobold zombie's attack.
The crocodile zombie bites you.
* * * LOW HITPOINT WARNING * * *
The crocodile zombie drags you backwards!
The mummy hits you!
You die...

#####
##...##
#..M@Z#
#.Z...#
#.....#
#.....#
#..∩..#
#.....#
#.....#
#..∩..#
#.....#


You could see a mummy, a crocodile zombie and a kobold zombie.

Vanquished Creatures
  2 adders (D:2)
  A dart slug (D:2)
  4 ribbon worms (D:2)
  An orc (D:3)
  A ball python (D:2)
  7 endoplasms
  9 goblins
  5 hobgoblins
  5 kobolds
  2 quokkas
  4 bats
  4 frilled lizards
  3 rats
48 creatures vanquished.

Notes
Turn   | Place    | Note
-------+----------+-------------------------------------------
     0 | D:1      | diceflayer the Demonspawn Fighter began the quest for the
                  | Orb.
     0 | D:1      | Reached XP level 1. HP: 18/18 MP: 1/1
    71 | D:1      | Reached skill level 2 in Axes
   210 | D:1      | Gained mutation: You have a small tail. [demonic ancestry]
   210 | D:1      | Reached XP level 2. HP: 24/24 MP: 2/2
   646 | D:1      | Reached skill level 3 in Axes
   687 | D:1      | Got the Catalogue of Violence
   879 | D:1      | Gained mutation: You regenerate a little health from kills.
                  | [demonic ancestry]
   879 | D:1      | Reached XP level 3. HP: 29/29 MP: 3/3
  1308 | D:2      | Found a faded altar of an unknown god.
  1403 | D:2      | Reached skill level 4 in Axes
  1403 | D:2      | Gained mutation: You regenerate health from kills. [demonic
                  | ancestry]
  1403 | D:2      | Reached XP level 4. HP: 9/35 MP: 4/4
  2465 | D:3      | Found a runed translucent door.
  2466 | D:3      | Noticed Crazy Yiuf
  2731 | D:4      | Found a sand-covered staircase.
  2742 | Ossuary  | Entered an ossuary
  2746 | Ossuary  | Mangled by a mummy

Illustrated notes

Levels and vault maps discovered:
D:1:      dpeg_arrival_simpleton_a, layout_basic, grunt_decor_fettered,
          grunt_decor_resistance
D:2:      layout_rooms, serial_rivers, chequers_serial_rivers_large_a,
          chequers_serial_rivers_room_a, chequers_serial_rivers_small_a,
          chequers_serial_rivers_micro_c, chequers_serial_rivers_room_b,
          shapermc_ecumenical_altar_mp_urbaneastern
D:3:      layout_basic, uniq_crazy_yiuf_cottage
D:4:      layout_loops_ring, nicolae_overflow_crystal_walls, enter_ossuary_1,
          uniq_duvessa, uniq_robin, uniq_eustachio
Ossuary:  ossuary_the_hunt_dpeg

Skill      XL: |  1  2  3 |
---------------+----------+-----
Axes           | 2 3 4 |  4.1
Fighting       | |  3.0
Armour         | |  2.6
Shields        | |  2.6

Action                     |  1- 3 |  4- 6 || total
---------------------------+-------+-------++-------
  Melee: War axe           |   134 |    27 ||   161
         Tailslap          |     7 |     2 ||     9
    Use: Scroll            |       |     7 ||     7
         Potion            |       |     1 ||     1
 Armour: Scale mail        |   103 |    27 ||   130
  Dodge: Dodged            |    73 |     4 ||    77
  Block: Buckler           |    32 |     5 ||    37
